 Dungeon Crawl Stone Soup version 0.28-a0-1616-g050a50673c (webtiles) character file.

Game seed: 15784831348303234935

9 croobank the Firebug (level 1, 0/14 HPs)
             Began as a Demigod Fire Elementalist on Jan 22, 2022.
             Slain by a hobgoblin (1 damage)
             ... on level 1 of the Dungeon.
             The game lasted 00:01:36 (617 turns).

croobank the Firebug (Demigod Fire Elementalist)     Turns: 617, Time: 00:01:38

Health: 0/14       AC:  2    Str:  9    XL:     1   Next: 93%
Magic:  4/5        EV: 12    Int: 17    God:
Gold:   12         SH:  0    Dex: 14    Spells: 2/3 levels left

rFire   . . .      SeeInvis .   d - +0 broad axe
rCold   . . .      Faith    .   (no shield)
rNeg    . . .      Spirit   .   a - +0 robe
rPois   .          Reflect  .   (no helmet)
rElec   .          Harm     .   (no cloak)
rCorr   .          Rampage  .   (no gloves)
Will    .....                   (no boots)
Stlth   ++........              (no amulet)
HPRegen 0.04/turn               (no ring)
MPRegen 0.09/turn               (no ring)

@: no status effects
A: high mp 1, forlorn, divine attributes
a: no special abilities


You were on level 1 of the Dungeon.
You visited 1 branch of the dungeon, and saw 1 of its levels.

You collected 12 gold pieces.

Inventory:

Hand Weapons
 d - a +0 broad axe (weapon)
Armour
 a - a +0 robe (worn)
Jewellery
 f - a ring of ice
Scrolls
 c - a scroll of enchant armour {unknown}
 e - a scroll of silence {unknown}
Potions
 b - a potion of curing {unknown}


   Skills:
 + Level 2.0 Dodging
 + Level 2.0 Stealth
 + Level 1.9 Spellcasting
 + Level 1.1 Conjurations
 + Level 2.8 Fire Magic


You had 2 spell levels left.
You knew the following spells:

 Your Spells              Type           Power      Damage    Failure   Level
a - Foxfire               Conj/Fire      32%        2x1d5     9%          1

Your spell library contained the following spells:

 Spells                   Type           Power      Damage    Failure   Level
 Scorch                   Fire           22%        2d6       10%         2
 Conjure Flame            Conj/Fire      8%         6-21      26%         3
 Inner Flame              Hex/Fire       6%         N/A       32%         3
 Flame Wave               Conj/Fire      8%         2d5       65%         4


Dungeon Overview and Level Annotations

Branches:
Dungeon (1/15)

Shops:
D:1 (


Innate Abilities, Weirdness & Mutations

You have an increased reservoir of magic. (+10% MP)
You shall have no god before yourself.
Your divine heritage dramatically boosts your attributes as you level up.


Message History

You slash the goblin!
You kill the goblin!
Your Stealth skill increases to level 2!
The bat hits you. x2
You see here a scroll labelled XYCHIUSIBI.
You closely miss the bat. The bat barely misses you.
The bat hits you but does no damage.
e - a scroll labelled XYCHIUSIBI The bat closely misses you.
You hit the bat but do no damage. The bat misses you.
The bat closely misses you. The bat hits you.
You miss the bat. The bat closely misses you. x2
The bat hits you but does no damage.
You hit the bat.
You kill the bat!
Your Dodging skill increases to level 2!
A hobgoblin comes into view.
The hobgoblin shouts!
The hobgoblin moves out of view.
You see here a +0 dagger.
You start resting.
A goblin comes into view. It is wielding a +0 club.
f - a ring of ice
There are no items here.
A hobgoblin comes into view.
The hobgoblin hits you.
You closely miss the hobgoblin. The hobgoblin closely misses you.
The hobgoblin hits you.
* * * LOW HITPOINT WARNING * * *
Casting: Foxfire (safe; 9% risk of failure)
Confirm with . or Enter, or press ? or * to list all spells.
You conjure some foxfire!
The hobgoblin hits you but does no damage.
The hobgoblin hits you.
* * * LOW HITPOINT WARNING * * *
Your foxfire dissipates!
You barely miss the hobgoblin. The hobgoblin barely misses you.
The hobgoblin misses you.
You closely miss the hobgoblin. The hobgoblin hits you.
You die...

######.#.....#
# #.###.### #
#.# #.# #
###.###.####
........##..
###.###.##.#
#.# #.##.#
#.###.##.######
#.........g@..#
#..##.##.####.#
###........# .#
........)..# ..
####..#.>.g#
.#g #..#.#..#
.#..
#....)..(.. .#
..
#.##.#..###..#
..≈ #. ......


You could see a hobgoblin.

Vanquished Creatures
  3 goblins (D:1)
  A hobgoblin (D:1)
  A quokka (D:1)
  A ball python (D:1)
  2 bats (D:1)
  A rat (D:1)
9 creatures vanquished.

Vanquished Creatures (others)
  14 foxfires (D:1)
14 creatures vanquished.

Grand Total: 23 creatures vanquished

Notes
Turn   | Place    | Note
-------+----------+-------------------------------------------
     0 | D:1      | croobank the Demigod Fire Elementalist began the quest for
                  | the Orb.
     0 | D:1      | Reached XP level 1. HP: 14/14 MP: 5/5
    39 | D:1      | Reached skill level 1 in Conjurations
   523 | D:1      | Found Ikhlesku's Weapon Emporium.
   617 | D:1      | Slain by a hobgoblin

Illustrated notes

Levels and vault maps discovered:
D:1:      psy_arrival_radial01, layout_loops_ring, serial_shops, shop,
          shapermc_ecumenical_altar_starsandcircs

Skill      XL: |  1 |
---------------+----+-----
Conjurations   | 1 |  1.1
Stealth        | 2 |  2.0
Dodging        | 2 |  2.0
Spellcasting   | |  1.9
Fire Magic     | |  2.8

Action                   || total
-------------------------++-------
Melee: Unarmed           ||    14
       Broad axe         ||     9
 Cast: Foxfire           ||     8
 Stab: Sleeping          ||     1
Armor: Robe              ||     7
Dodge: Dodged            ||    21

Table legend: (Time is in decaauts)
 A = Elapsed time spent in this place.
 B = Non-inter-level travel time spent in this place.
 C = Inter-level travel time spent in this place.
 D = Time resting spent in this place.
 E = Time spent auto-exploring this place.
 F = Levels seen in this place.
 G = Mean time per level.
                   A        B        C        D        E       F      G
               +--------+--------+--------+--------+--------+-----+--------+
         Total |    621 |    621 |      0 |    258 |    240 |   1 |  621.0 |
       Dungeon |    621 |    621 |      0 |    258 |    240 |   1 |  621.0 |
               +--------+--------+--------+--------+--------+-----+--------+

Top non-repeatable levels by time:
     D:1: 621 daAuts
